 Dungeon Crawl Stone Soup version 0.26-a0-661-g406de6ba63 (webtiles) character file.

Game seed: 12001568836988910349

8 polo the Chiller (level 2, 28/28 HPs)
             Began as a Demonspawn Ice Elementalist on Oct 8, 2020.
             Quit the game on level 1 of the Dungeon.
             The game lasted 00:00:45 (467 turns).

polo the Chiller (Demonspawn Ice Elementalist)       Turns: 467, Time: 00:00:46

Health: 28/28      AC: 21    Str:  8    XL:     2   Next: 0%
Magic:  3/5        EV:  2    Int: 16    God:
Gold:   38         SH:  0    Dex: 13    Spells: 4/5 levels left

rFire    + . .     SeeInvis .   (no weapon)
rCold    . . .     Faith    .   (no shield)
rNeg     + + +     Spirit   .   (armour currently unavailable)
rPois    +         Reflect  .   (helmet currently unavailable)
rElec    .         Harm     .   (cloak currently unavailable)
rCorr    .         Rampage  .   (gloves currently unavailable)
MR       .....     NoTele   +   (boots currently unavailable)
Stlth    ++........             (no amulet)
HPRegen  0.09/turn              f - ring of protection from fire
MPRegen  0.09/turn              (no ring)

@: tree-form, stab
A: no striking features
a: no special abilities


You were on level 1 of the Dungeon.
You were a tree.
You visited 1 branch of the dungeon, and saw 1 of its levels.

You collected 38 gold pieces.

Inventory:

Missiles
 e - 6 poisoned darts (quivered)
Armour
 a - a +0 robe (melded)
Jewellery
 f - a ring of protection from fire (left branch)


   Skills:
 - Level 1.7 Dodging
 - Level 1.7 Stealth
 + Level 2.2 Spellcasting
 * Level 3.9 Ice Magic


You had 4 spell levels left.
You knew the following spells:

 Your Spells              Type           Power        Failure   Level
a - Freeze                Ice            ##..         4%          1

Your spell library contained the following spells:

 Spells                   Type           Power        Failure   Level
 Frozen Ramparts          Ice            ##....       12%         3
 Ozocubu's Armour         Ice            ##......     12%         3
 Hailstorm                Conj/Ice       #.......     65%         4
 Summon Ice Beast         Ice/Summ       #.......     65%         4


Dungeon Overview and Level Annotations

Branches:
Dungeon (1/15)

Altars:


Innate Abilities, Weirdness & Mutations

((When seriously injured, your bleeding wounds create armour. (AC +0)))


Message History

Your demonic ancestry asserts itself...
You feel your blood ready itself to protect you.
Okay, then.
Unknown command.
It was a potion of curing.
You feel better.
It was a potion of lignification.
You turn into a tree.
Your +0 robe melds into your body.
Your roots penetrate the ground.
It was a potion of stabbing.
You feel ready to backstab.
You aren't carrying any scrolls.
You aren't carrying any potions.
You cannot move.
Unknown command.
Casting: Freeze (safe; 4% risk of failure)
Confirm with . or Enter, or press ? or * to list all spells.
You can't see any susceptible monsters within range! (Use Z to cast anyway.) Unknown command.
Unknown command.
Unknown command.
Are you sure you want to abandon this character and quit the game? (Confirm with "yes".)

##
#.####.#....#
.#### #.#
#.#....#
.....#
#.####.##...#
.###..
............#
##
#####.#...# #
#.....# #
#.....# #
#.....# #
##♣..## #.#.#
#.#.# ..#..
######


There were no monsters in sight!

Vanquished Creatures
  A dart slug (D:1)
  2 goblins (D:1)
  A hobgoblin (D:1)
  A frilled lizard (D:1)
  A kobold (D:1)
  A rat (D:1)
7 creatures vanquished.

Notes
Turn   | Place    | Note
-------+----------+-------------------------------------------
     0 | D:1      | polo the Demonspawn Ice Elementalist began the quest for
                  | the Orb.
     0 | D:1      | Reached XP level 1. HP: 13/13 MP: 3/3
   463 | D:1      | Gained mutation: When seriously injured, your bleeding
                  | wounds create armour. (AC +0) [demonic ancestry]
   463 | D:1      | Reached XP level 2. HP: 19/19 MP: 3/5
   467 | D:1      | Quit the game

Illustrated notes

Levels and vault maps discovered:
D:1:      wheals_arrival_shading, layout_loops_ring

Action                   || total
-------------------------++-------
Melee: Unarmed           ||     2
Throw: Dart              ||     7
 Cast: Freeze            ||     9
  Use: Potion            ||     3
Armor: Robe              ||     3
Dodge: Dodged            ||     8

Table legend: (Time is in decaauts)
 A = Elapsed time spent in this place.
 B = Non-inter-level travel time spent in this place.
 C = Inter-level travel time spent in this place.
 D = Time resting spent in this place.
 E = Time spent auto-exploring this place.
 F = Levels seen in this place.
 G = Mean time per level.
                   A        B        C        D        E       F      G
               +--------+--------+--------+--------+--------+-----+--------+
         Total |    466 |    466 |      0 |      0 |    406 |   1 |  466.0 |
       Dungeon |    466 |    466 |      0 |      0 |    406 |   1 |  466.0 |
               +--------+--------+--------+--------+--------+-----+--------+

Top non-repeatable levels by time:
     D:1: 466 daAuts
